Map: Radiator LE

Players

Entropy

  • Race: Protoss Protoss
  • Spawn Location: 6:00

Pedda

  • Race: Zerg Zerg
  • Spawn Location: 7:00

TomMulder

  • Race: Protoss Protoss
  • League: Gold
  • Spawn Location: 6:00

Wlodziu

  • Race: Zerg Zerg
  • Spawn Location: 12:00

Iceberg

  • Race: Protoss Protoss
  • Spawn Location: 1:00

Leon

  • Race: Zerg Zerg
  • League: Gold
  • Spawn Location: 12:00

VOD

Have the link to the VOD?

Description

Time

  • Played on: March 21, 2026, 3:42 p.m.
  • Length: 6:45
Show
View Real Time Build Order
Export as new Build Order

Entropy Protoss 

Build Orders: 1 Gate Expand 

Get SALT Encoding   

  12  0:00  Probe  
  13  0:12  Probe  
  14  0:17  Pylon  
  14  0:23  Probe  
  15  0:31  Probe  
  16  0:38  Gateway  
  16  0:39  Probe  
  16  0:48  Assimilator  
  17  0:50  Probe  
  18  1:03  Probe  
  19  1:15  Probe  
  20  1:23  Nexus  
  20  1:34  Cybernetics Core  
  20  1:39  Pylon  
  20  1:44  Assimilator  
  20  1:46  Probe  
  21  1:56  Zealot  
  21  1:58  Probe  
  24  2:10  Warp Gate  
  24  2:17  Twilight Council  
  24  2:19  Probe  
  25  2:23  Zealot  
  27  2:32  Probe  
  27  2:33  Charge  
  28  2:38  Probe  
  28  2:42  Pylon  
  29  2:51  Probe  
  30  3:00  Zealot  
  30  3:05  Forge  
  32  3:07  Protoss Ground Weapons Level 1  
  32  3:10  Robotics Facility  
  32  3:15  Probe  
  32  3:18  Gateway, Probe  
  34  3:28  Zealot  
  34  3:32  Pylon  
  36  3:36  Probe x2  
  38  3:48  Probe  
  39  3:50  Probe  
  39  3:51  Gateway  
  40  3:58  Gateway  
  40  4:01  Warp Prism, Gateway  
  40  4:02  Probe  
  41  4:04  Probe  
  42  4:15  Zealot  
  46  4:20  Zealot  
  46  4:23  Pylon  
  48  4:24  Probe  
  48  4:25  Probe  
  50  4:37  Zealot  
  52  4:43  Immortal  
  52  4:44  Zealot  
  52  4:45  Assimilator  
  54  4:47  Zealot, Assimilator  
  58  5:00  Zealot x3  
  50  5:13  Zealot  
  50  5:14  Zealot  
  46  5:21  Zealot x3  
  52  5:32  Immortal  
  54  5:42  Zealot x3  
  58  5:43  Zealot x2  
  60  6:05  Observer  
  61  6:35  Zealot x3  
  61  6:36  Zealot x2  
Show
View Real Time Build Order
Export as new Build Order

Pedda Zerg 

Build Orders: Hatch First 

Get SALT Encoding   

  12  0:00  Drone  
  13  0:10  Drone  
  14  0:16  Overlord  
  14  0:35  Drone x3  
  17  0:53  Drone  
  17  0:56  Hatchery, Extractor  
  16  0:59  Drone  
  17  1:16  Spawning Pool  
  16  1:21  Drone x2  
  18  1:31  Drone  
  19  1:45  Overlord  
  19  2:02  Metabolic Boost  
  19  2:03  Queen  
  19  2:05  Zergling x4  
  23  2:09  Queen  
  23  2:13  Drone  
  26  2:15  Drone  
  27  2:23  Drone x2  
  29  2:36  Baneling Nest  
  28  2:50  Queen  
  30  2:51  Drone x3  
  30  2:52  Drone  
  30  2:58  Drone x2  
  36  3:09  Overlord  
  36  3:12  Overlord  
  36  3:16  Overlord  
  36  3:24  Lair  
  36  3:28  Drone x2  
  36  3:29  Drone, Evolution Chamber  
  38  3:57  Drone x3  
  38  3:58  Drone x3  
  38  3:59  Zergling x4  
  46  4:16  Drone  
  46  4:17  Drone x2  
  48  4:18  Zergling x4  
  48  4:22  Extractor  
  50  4:24  Extractor  
  50  4:29  Zerg Ground Armor Level 1, Zergling x4  
  51  4:45  Hatchery  
  50  4:47  Zergling x2  
  50  4:48  Zergling x4  
  53  4:54  Spine Crawler  
  53  4:57  Zergling x10  
  53  4:58  Zergling x4  
  57  5:06  Zergling x4  
  43  5:29  Zergling x8  
  43  5:30  Queen  
  43  5:34  Zergling x4  
  43  5:35  Zergling x2  
  48  5:40  Zergling x2  
  48  5:41  Zergling x2  
  49  5:49  Zergling x2  
  50  5:50  Zergling x2  
  50  6:00  Zergling x6  
  53  6:17  Zergling x2  
  53  6:18  Zergling x12  
  54  6:24  Zergling x4  
Show
View Real Time Build Order
Export as new Build Order

TomMulder Protoss 

Build Orders: Blink Stalkers 

Get SALT Encoding   

  12  0:00  Probe  
  13  0:12  Probe  
  14  0:28  Probe  
  15  0:41  Pylon  
  15  0:44  Assimilator  
  15  0:48  Assimilator  
  15  0:55  Probe  
  15  1:03  Probe  
  15  1:04  Gateway  
  17  1:13  Probe  
  18  1:25  Probe  
  19  1:37  Probe  
  20  1:49  Probe  
  21  1:57  Cybernetics Core, Pylon  
  21  2:01  Probe  
  22  2:13  Probe  
  23  2:16  Zealot  
  25  2:26  Probe  
  25  2:28  Nexus  
  26  2:32  Pylon  
  26  2:38  Probe  
  26  2:40  Stalker  
  29  2:56  Twilight Council  
  29  3:00  Robotics Facility  
  29  3:04  Gateway  
  29  3:08  Warp Gate  
  29  3:11  Shield Battery  
  29  3:12  Stalker  
  31  3:31  Twilight Council  
  31  3:42  Gateway  
  31  3:43  Probe  
  31  3:44  Probe  
  33  3:48  Blink  
  33  4:12  Observer  
  34  4:17  Pylon  
  34  4:20  Charge  
  34  4:23  Shield Battery  
  34  4:24  Probe x2, Shield Battery  
  35  4:28  Assimilator  
  36  4:36  Probe  
  36  4:38  Stalker  
  39  5:02  Stalker x2  
  38  5:27  Stalker x3  
  44  5:54  Immortal  
  48  6:11  Assimilator  
  48  6:12  Probe x2  
  50  6:24  Probe x2  
Show
View Real Time Build Order
Export as new Build Order

Wlodziu Zerg 

Build Orders: Hatch First 

Get SALT Encoding   

  12  0:01  Drone  
  13  0:10  Drone  
  13  0:13  Extractor  
  13  0:16  Drone  
  15  0:23  Overlord  
  15  0:41  Drone x2  
  17  0:53  Hatchery  
  17  0:54  Drone  
  17  0:57  Extractor  
  17  0:59  Drone  
  17  1:21  Drone x2  
  17  1:22  Spawning Pool  
  18  1:37  Drone  
  19  1:40  Overlord  
  19  2:00  Drone  
  19  2:01  Drone  
  21  2:08  Queen  
  21  2:10  Queen  
  25  2:18  Roach Warren  
  25  2:20  Drone x3  
  27  2:27  Drone x2  
  29  2:34  Overlord  
  29  2:52  Overlord  
  29  2:53  Overlord  
  29  2:57  Roach  
  31  2:58  Roach  
  31  3:02  Roach  
  35  3:10  Extractor  
  34  3:12  Lair  
  34  3:20  Roach  
  34  3:21  Roach x2  
  40  3:31  Drone x2  
  40  3:32  Drone  
  43  3:43  Roach x2  
  43  3:44  Roach x2  
  51  3:52  Roach  
  51  3:53  Roach  
  55  3:57  Extractor  
  54  4:05  Ravager  
  55  4:20  Overseer  
  55  4:38  Roach x2  
  59  4:40  Overlord x2  
  59  4:41  Overlord  
  59  5:05  Roach x7  
  59  5:06  Roach x2  
  66  5:26  Roach  
  66  5:27  Roach x3  
  42  6:04  Drone x2  
  42  6:05  Drone x10  
Show
View Real Time Build Order
Export as new Build Order

Iceberg Protoss 

Build Orders: 1 Gate Expand 

Get SALT Encoding   

  12  0:00  Probe  
  13  0:12  Probe  
  14  0:20  Pylon  
  14  0:24  Probe  
  15  0:38  Probe  
  15  0:39  Gateway  
  16  0:47  Assimilator  
  16  0:49  Probe  
  17  0:57  Probe  
  18  1:06  Assimilator  
  18  1:27  Nexus  
  18  1:36  Cybernetics Core  
  18  1:42  Probe  
  19  1:55  Probe, Pylon  
  20  2:07  Gateway  
  20  2:13  Stalker  
  20  2:22  Warp Gate  
  22  2:24  Probe  
  23  2:36  Probe  
  24  2:40  Forge  
  24  2:47  Probe  
  24  2:50  Probe  
  25  3:01  Stalker  
  25  3:02  Probe  
  28  3:10  Probe  
  29  3:13  Stalker  
  29  3:14  Probe  
  32  3:27  Photon Cannon  
  32  3:29  Probe  
  32  3:33  Probe  
  34  3:41  Photon Cannon  
  34  3:44  Probe  
  34  3:46  Probe  
  36  3:49  Stalker  
  38  3:56  Stalker  
  38  4:01  Probe  
  41  4:04  Probe  
  41  4:09  Pylon  
  42  4:13  Probe  
  42  4:14  Protoss Ground Weapons Level 1  
  42  4:16  Probe  
  44  4:19  Pylon  
  44  4:32  Gateway  
  44  4:37  Pylon  
  44  4:40  Gateway  
  44  4:41  Probe x2  
  46  4:53  Probe x2  
  46  4:58  Assimilator  
  48  5:00  Assimilator  
  48  5:01  Photon Cannon  
  48  5:03  Photon Cannon  
  48  5:05  Probe  
  48  5:06  Probe  
  41  5:35  Probe x2  
  41  5:36  Stalker x2  
  41  5:37  Stalker x2  
  50  5:47  Probe  
  50  5:48  Probe  
  52  5:56  Nexus  
  52  5:58  Pylon  
  52  5:59  Probe  
  52  6:00  Probe  
  52  6:01  Pylon  
  54  6:05  Pylon  
  54  6:07  Twilight Council  
  54  6:12  Probe x2  
  54  6:14  Stalker x2  
  54  6:40  Stalker x2  
  54  6:41  Stalker x2  
Show
View Real Time Build Order
Export as new Build Order

Leon Zerg 

Build Orders: Hatch First 

Get SALT Encoding   

  12  0:02  Drone  
  13  0:16  Overlord  
  13  0:20  Drone  
  14  0:34  Drone x2  
  16  0:38  Drone  
  17  1:06  Hatchery  
  16  1:15  Drone  
  16  1:17  Drone, Extractor  
  17  1:22  Spawning Pool  
  16  1:41  Drone x3  
  19  1:52  Drone  
  20  2:17  Queen x2, Roach Warren  
  20  2:18  Zergling x2  
  20  2:19  Zergling x2  
  25  2:26  Overlord  
  25  2:27  Drone  
  26  2:55  Extractor  
  26  2:57  Overlord  
  26  2:58  Drone x5  
  30  3:08  Roach  
  32  3:18  Roach  
  34  3:31  Roach x5  
  44  3:35  Overlord x3  
  44  3:53  Drone x3  
  47  3:59  Overlord  
  47  4:00  Drone x4  
  52  4:02  Drone  
  52  4:07  Ravager  
  52  4:08  Ravager  
  52  4:09  Ravager x2  
  56  4:16  Roach  
  56  4:17  Roach  
  60  4:23  Overlord  
  60  4:32  Overlord  
  60  4:33  Roach  
  60  4:34  Roach  
  60  4:36  Roach  
  66  4:50  Roach  
  66  4:51  Roach  
  66  4:52  Roach x2  
  72  5:12  Roach  
  72  5:13  Roach x4  
  66  5:25  Roach  
  66  5:26  Roach x2  
  58  5:53  Roach  
  58  5:54  Roach x5  
  62  6:09  Roach x3  
  62  6:11  Roach  
Tags
 
Add a new tag
Caveats
  • Supply blocks, unpowered buildings, or Contaminate may cause inaccurate times.
  • Supply counts are checked every 10 seconds.